 Dungeon Crawl Stone Soup version 0.31-a0-232-gb1c03b2570 (webtiles) character file.

Game seed: 14825081998422106780

1123 Ijustatesigmund the Stinger (level 8, -12/51 HPs)
             Began as an Octopode Venom Mage on July 7, 2023.
             Mangled by Prince Ribbit (18 damage)
             ... on level 5 of the Dungeon.
             The game lasted 00:12:47 (7216 turns).

Ijustatesigmund the Stinger (Octopode Venom Mage)   Turns: 7216, Time: 00:12:48

Health: -12/51     AC:  1    Str:  8    XL:     8   Next: 35%
Magic:  6/14       EV: 13    Int: 19    God:
Gold:   117        SH:  0    Dex: 12    Spells: 6/16 levels left

rFire   . . .        d - +0 war axe
rCold   . . .        (no shield)
rNeg    . . .        (helmet restricted)
rPois   .            (no amulet)
rElec   .            n - ring of willpower
rCorr   +            q - ring of resist corrosion
SInv    .            (no ring)
Will    +....        (no ring)
Stlth   +++          (no ring)
HPRegen 0.28/turn    (no ring)
MPRegen 0.14/turn    (no ring)
                     (no ring)

%: no passive effects
@: no status effects
A: almost no armour, amphibious, 8 rings, camouflage 1, gelatinous body 1,
(nimble swimmer 1), tentacles
a: no special abilities


You were on level 5 of the Dungeon.
You visited 1 branch of the dungeon, and saw 5 of its levels.
You also visited: Sewer.

You collected 260 gold pieces.
You spent 143 gold pieces at shops.

Inventory:

Hand Weapons
 d - a +0 war axe (weapon)
Jewellery
 b - a ring of fire
 e - a ring of ice
 f - the ring of the Firefly {rF+ Will++ Int+2 Slay-5}
   (You found it on level 2 of the Dungeon)

   [ring of protection from fire]

   Int:       It affects your intelligence (+2).
   Slay:      It affects your accuracy & damage with ranged weapons and melee
   (-5).
   rF:        It protects you from fire.
   Will:      It greatly increases your willpower.
 n - a ring of willpower (left tentacle)
 q - a ring of resist corrosion (right tentacle)
Wands
 o - a wand of iceblast (5)
Scrolls
 j - a scroll of identify
 l - 2 scrolls of teleportation
 p - a scroll of silence {unknown}
Potions
 a - 2 potions of magic
 c - 3 potions of curing
 g - a potion of haste
 h - a potion of might
 i - 6 potions of enlightenment
 k - a potion of attraction {unknown}
 m - 2 potions of heal wounds


   Skills:
 - Level 2.5 Fighting
 + Level 2.5 Dodging
 - Level 2.6 Stealth
 + Level 4.6 Spellcasting
 + Level 4.1 Conjurations
 - Level 1.0 Transmutations
 + Level 4.1 Air Magic
 + Level 6.5 Poison Magic


You had 6 spell levels left.
You knew the following spells:

 Your Spells              Type           Power      Damage    Failure   Level
a - Sting                 Tmut/Pois      72%        1d6       2%          1
b - Poisonous Vapours     Pois/Air       48%        N/A       2%          2
c - Mephitic Cloud        Conj/Pois/Air  23%        N/A       4%          3
d - Olgreb's Toxic Radia  Pois           29%        N/A       9%          4

Your spell library contained the following spells:

 Spells                   Type           Power      Damage    Failure   Level
 Apportation              Tloc           8%         N/A       13%         1
 Necrotise                Necr           16%        1d4       13%         1
 Summon Small Mammal      Summ           16%        N/A       13%         1
 Summon Guardian Golem    Hex/Summ       4%         N/A       36%         3
 Manifold Assault         Tloc           4%         N/A       78%         4
 Dispersal                Tloc           2%         N/A       100%        6
 Orb of Destruction       Conj           10%        9d6       100%        7
 Spellforged Servitor     Conj/Summ      6%         N/A       100%        7
 Disjunction              Tloc           2%         N/A       100%        8


Dungeon Overview and Level Annotations

Branches:
Dungeon (5/15)              Sewer (visited)
 Temple: D:4-7

Altars:

Shops:
D:1 :*[[=   D:4 (

Annotations:
D:5 Prince Ribbit


Innate Abilities, Weirdness & Mutations

You cannot wear most types of armour.
You are amphibious.
You can wear up to eight rings at the same time.
Your skin changes colour to match your surroundings (Stealth+).
Your rubbery body absorbs attacks. (AC +1, EV +1)
((You are camouflaged when in or above water. (Stealth+)))
You have tentacles for arms and can constrict up to eight enemies at once.


Message History

Prince Ribbit croaks.
Prince Ribbit blinks! x2
You start resting.
Prince Ribbit is nearby!
Casting: Poisonous Vapours (safe; 2% risk of failure)
Confirm with . or Enter, or press ? or * to list all spells.
You begin to radiate toxic energy.
Prince Ribbit looks even sicker.
Prince Ribbit croaks regally.
Your toxic aura wanes.
Casting: Olgreb's Toxic Radiance (dangerous; 9% risk of failure)
Confirm with . or Enter, or press ? or * to list all spells.
Aiming: Poisonous Vapours (safe; 2% risk of failure)
Press: ? - help, Dir - move target, f/p - Prince Ribbit
Aim: Prince Ribbit (moderately wounded, very poisoned) Poisonous vapours surround Prince Ribbit!
Prince Ribbit looks as sick as possible!
Casting: Poisonous Vapours (safe; 2% risk of failure)
Confirm with . or Enter, or press ? or * to list all spells.
Aiming: Sting (safe; 2% risk of failure)
Press: ? - help, Shift-Dir - straight line, f/p - Prince Ribbit
Aim: Prince Ribbit (moderately wounded, extremely poisoned, 54% to hit)
The sting hits Prince Ribbit.
Prince Ribbit looks as sick as possible!
Prince Ribbit is moderately wounded.
You closely miss Prince Ribbit. Your grab misses Prince Ribbit.
Your squeeze misses Prince Ribbit.
Prince Ribbit is heavily wounded.
Prince Ribbit hits you!
Prince Ribbit lets out a mournful croak.
Prince Ribbit hits you.
You hit Prince Ribbit but do no damage. Your grab misses Prince Ribbit.
You squeeze Prince Ribbit.
Prince Ribbit is severely wounded.
Prince Ribbit barely misses you. Prince Ribbit hits you!
You miss Prince Ribbit. Your grab misses Prince Ribbit.
Prince Ribbit is almost dead.
Prince Ribbit hits you!
* * * LOW HITPOINT WARNING * * *
Prince Ribbit hits you!!
You die...

..^.........)....# #
#..#######....#.###
###<...(.......#.#..
..[.................
#####.............
#.####.#.#.#..
#...##.######.
######............
#@........########
#F........# ##
#).........# #.
.Y.$.......####..#
#. ...........# #...
#. ......)....#
##.###. ........####
#... #.......# +...
#........ #...


You could see Prince Ribbit (very poisoned).

Vanquished Creatures
  Grinder (D:3)
  An ice beast (D:5)
  2 ogres (D:4)
  2 scorpions
  A jelly (D:5)
  An orc priest (D:4)
  2 hounds (D:4)
  Natasha (thrice) (D:3)
  An iguana (D:4)
  An orc wizard (D:5)
  Terence (D:3)
  8 adders
  6 river rats (Sewer)
  2 worms
  3 dart slugs
  9 orcs
  8 endoplasms
  10 giant cockroaches
  7 hobgoblins
  18 jackals
  6 quokkas
  15 ball pythons
  17 bats
  5 frilled lizards
  5 kobolds
  5 rats
140 creatures vanquished.

Notes
Turn   | Place    | Note
-------+----------+-------------------------------------------
     0 | D:1      | Ijustatesigmund the Octopode Venom Mage began the quest for
                  | the Orb.
     0 | D:1      | Reached XP level 1. HP: 11/11 MP: 3/3
    43 | D:1      | Found Jotwoan's Book Boutique.
    53 | D:1      | Reached XP level 2. HP: 8/18 MP: 1/5
   205 | D:1      | Learned a level 2 spell: Poisonous Vapours
   251 | D:1      | Found Xuduc's General Store.
   295 | D:1      | Found Hyfuazuu's Armour Shoppe.
   356 | D:1      | Reached skill level 1 in Fighting
   361 | D:1      | Reached skill level 4 in Poison Magic
   437 | D:1      | Reached XP level 3. HP: 21/23 MP: 1/6
   441 | D:1      | Learned a level 3 spell: Mephitic Cloud
  1120 | D:1      | Found Nos Danu's Jewellery Boutique.
  1325 | D:1      | Reached skill level 1 in Air Magic
  1442 | D:1      | Found Ohiedaum's Antique Armour Boutique.
  1641 | D:2      | Reached skill level 1 in Conjurations
  1641 | D:2      | Reached XP level 4. HP: 28/28 MP: 4/7
  1720 | D:2      | Identified the ring of the Firefly {rF+ Will++ Int+2
                  | Slay-5}
  2435 | D:2      | Found a faded altar of an unknown god.
  2568 | D:3      | Noticed Grinder
  2582 | D:3      | Paralysed by Grinder for 4 turns
  2597 | D:3      | Killed Grinder
  2598 | D:3      | Reached skill level 5 in Poison Magic
  2598 | D:3      | Reached XP level 5. HP: 16/33 MP: 6/10
  2598 | D:3      | Reached XP level 6. HP: 18/38 MP: 6/11
  2603 | D:3      | Learned a level 4 spell: Olgreb's Toxic Radiance
  2687 | D:3      | Found a glowing drain.
  2701 | Sewer    | Entered a sewer
  4324 | D:1      | Bought 2 potions of heal wounds for 110 gold pieces
  4324 | D:1      | Bought a potion of curing for 33 gold pieces
  4629 | D:3      | Noticed Terence
  4635 | D:3      | Killed Terence
  4636 | D:3      | Reached XP level 7. HP: 36/43 MP: 5/12
  4763 | D:3      | Noticed Natasha
  4771 | D:3      | Killed Natasha
  4946 | D:3      | Noticed Natasha
  4950 | D:3      | Killed Natasha
  5041 | D:3      | Noticed Natasha
  5047 | D:3      | Killed Natasha
  5626 | D:4      | Reached skill level 6 in Poison Magic
  6146 | D:4      | Reached XP level 8. HP: 51/51 MP: 6/14
  6373 | D:4      | Found Xecoat's Weapon Emporium.
  6846 | D:5      | Entered Level 5 of the Dungeon
  7204 | D:5      | Noticed Prince Ribbit
  7216 | D:5      | Mangled by Prince Ribbit

Illustrated notes

Levels and vault maps discovered:
D:1:      psy_arrival_whirlpool, layout_loops_corners, serial_shops,
          nicolae_shop_tiny_statue_garden, shop, nicolae_shop_gaudy_bauble,
          nicolae_shop_scrapyard, shop_fountains
D:2:      layout_loops_cross, shapermc_ecumenical_altar_hornbeckon
D:3:      layout_loops_ring, gup_sewer_entry_pipe, uniq_grinder, uniq_natasha,
          uniq_terence
D:4:      layout_basic, serial_shops, shop, nicolae_eternal_life,
          chequers_serial_rivers_small_b, st_stairs_2, minmay_curled_crystal,
          item_on_display_a
D:5:      old_forge, layout_basic, grunt_temple_overflow_order_and_chaos_2,
          mainiacjoe_overflow_alcove_2, uniq_prince_ribbit1

Skill      XL: |  1  2  3  4  5  6  7  8 |
---------------+-------------------------+-----
Fighting       | 1 2 |  2.5
Poison Magic   | 4 5 6 |  6.5
Air Magic      | 1 2 3 4 |  4.1
Conjurations   | 1 2 3 4 |  4.1
Spellcasting   | 3 4 |  4.6
Dodging        | |  2.5
Stealth        | |  2.6
Transmutations | |  1.0

Action                     |  1- 3 |  4- 6 |  7- 9 || total
---------------------------+-------+-------+-------++-------
  Melee: Unarmed           |    66 |       |       ||    66
         Tentacles         |    19 |    17 |    14 ||    50
         Constrict         |    25 |    28 |    10 ||    63
         Short sword       |    12 |    27 |       ||    39
         Punch             |     1 |     1 |     1 ||     3
         Hand axe          |       |    66 |     7 ||    73
         War axe           |       |       |    39 ||    39
         Trident           |       |       |     4 ||     4
   Cast: Sting             |     6 |    11 |     4 ||    21
         Poisonous Vapours |    25 |    47 |    42 ||   114
         Mephitic Cloud    |     1 |       |       ||     1
         Olgreb's Toxic Ra |       |     4 |     6 ||    10
  Evoke: Wand              |       |       |     1 ||     1
    Use: Potion            |       |     3 |       ||     3
         Scroll            |       |     5 |     2 ||     7
   Stab: Sleeping          |     2 |     6 |     1 ||     9
         Confused          |     1 |       |       ||     1
 Armour: Skin              |    11 |    12 |     2 ||    25
  Dodge: Dodged            |    59 |    80 |    26 ||   165

Table legend: (Time is in decaauts)
 A = Elapsed time spent in this place.
 B = Non-inter-level travel time spent in this place.
 C = Inter-level travel time spent in this place.
 D = Time resting spent in this place.
 E = Time spent auto-exploring this place.
 F = Levels seen in this place.
 G = Mean time per level.
                   A        B        C        D        E       F      G
               +--------+--------+--------+--------+--------+-----+--------+
         Total |   7253 |   7009 |    244 |   1781 |   4360 |   6 | 1208.8 |
       Dungeon |   5727 |   5483 |    244 |    891 |   3882 |   5 | 1145.4 |
         Sewer |   1526 |   1526 |      0 |    890 |    478 |   1 | 1526.0 |
               +--------+--------+--------+--------+--------+-----+--------+

Top non-repeatable levels by time:
     D:1: 1635 daAuts
   Sewer: 1526 daAuts
     D:4: 1441 daAuts
     D:3: 1258 daAuts
     D:2: 1016 daAuts
     D:5: 376 daAuts
